 Dungeon Sprint DCSS version 0.28.0-43-g3370ac3207 (webtiles) character file.

Game seed: 15883767295531879126

3284 boopmooplesden the Severer (level 9, -1/101 HPs)
             Began as a Minotaur Berserker on Mar 15, 2022.
             Was a High Priest of Trog.
             Slain by an unseen horror (3 damage)
             ... in the Dungeon (Sprint I: "Red Sonja").
             The game lasted 00:02:32 (1011 turns).

boopmooplesden the Severer (Minotaur Berserker)     Turns: 1011, Time: 00:02:33

Health: -1/101     AC:  9    Str: 23    XL:     9   Next: 69%
Magic:  8/8        EV: 13    Int:  6    God:    Trog [*****.]
Gold:   513        SH:  0    Dex: 13    Spells: 8/8 levels left

rFire   . . .      SeeInvis .   a - +0 hand axe
rCold   . . .      Faith    .   (no shield)
rNeg    . . .      Spirit   .   k - +1 scale mail "Horphiw" {Dex+2}
rPois   .          Reflect  .   (helmet restricted)
rElec   .          Harm     +   l - scarf {harm}
rCorr   .          Rampage  .   (no gloves)
Will    .....      NoTele   +   (no boots)
Stlth   ..........              (no amulet)
HPRegen 0.26/turn               (no ring)
MPRegen 0.11/turn               (no ring)

@: on berserk cooldown, hasted and slowed
A: horns 2, retaliatory headbutt
a: Renounce Religion, Berserk, Trog's Hand, Brothers in Arms


You were in the Dungeon.
You worshipped Trog.
Trog was extremely pleased with you.
You visited 1 branch You collected 621 gold pieces.
You spent 108 gold pieces at shops.

Inventory:

Hand Weapons
 a - a +0 hand axe (weapon)
Armour
 b - a +0 animal skin
 j - a +0 leather armour
 k - the +1 scale mail "Horphiw" (worn) {Dex+2}
   (You found it in the Dungeon)

   Dex:       It affects your dexterity (+2).
 l - a scarf of harm (worn)
Wands
 i - a wand of polymorph (3)
Potions
 f - 2 potions of magic
 g - a potion of berserk rage


   Skills:
 + Level 16.3 Fighting
 + Level 16.9 Axes
 + Level 10.4 Armour
 + Level 8.3 Dodging
 + Level 0.1 Stealth
 + Level 2.1 Unarmed Combat


You had 8 spell levels left.
You didn't know any spells.
Your spell library was empty.

Dungeon Overview and Level Annotations

Branches:
Dungeon (1/1)

Altars:
Cheibriados
Dithmenos
Elyvilon
Fedhas
Gozag
Hepliaklqana
Kikubaaqudgha
Makhleb
Nemelex Xobeh
Okawaru
Qazlal
Ru
Sif Muna
Trog
Uskayaw
Vehumet
Wu Jian
Xom
Yredelemnul
Zin
The Shining One
Jiyva
Lugonu

Shops:
D [


Innate Abilities, Weirdness & Mutations

You have a pair of horns on your head.
You reflexively headbutt those who attack you in melee.


Message History

Something hits you but does no damage. x2
Something barely misses you. x2; Something hits you. x2
* * * LOW HITPOINT WARNING * * *
Something hits you but does no damage. Something hits you.
* * * LOW HITPOINT WARNING * * *
Something hits you!
* * * LOW HITPOINT WARNING * * *
Something hits you.
* * * LOW HITPOINT WARNING * * *
You closely miss something. You headbutt something!
You hit something but do no damage. Something hits you but does no damage.
Something hits you.
* * * LOW HITPOINT WARNING * * *
You hit something but do no damage. Your headbutt misses something.
You slash something! Something barely misses you.
Something hits you but does no damage. Something hits you!
* * * LOW HITPOINT WARNING * * *
You hit something. You completely miss something. Something hits you.
* * * LOW HITPOINT WARNING * * *
Something hits you but does no damage.
You feel much better. Something hits you.
* * * LOW HITPOINT WARNING * * *
Something hits you but does no damage. Something hits you.
* * * LOW HITPOINT WARNING * * *
Something hits you but does no damage.
Blink to where?
Press: ? - help, Dir - move target
As you read the scroll of blinking, it crumbles to dust.
Something hits you but does no damage.
Something hits you but does no damage. x2; Something hits you.
* * * LOW HITPOINT WARNING * * *
Something hits you!
* * * LOW HITPOINT WARNING * * *
Something hits you.
* * * LOW HITPOINT WARNING * * *
There is an open door here.
You hit something but do no damage. Something hits you.
* * * LOW HITPOINT WARNING * * *
You feel yourself speed up. Something hits you.
You die...

_##'#_.'≈§≈§.'..#
..'..._#≈≈≈..#§.#
_##_.#'##+#####'###
_###+#(# #.'.# ##
### ###.# #.#
##########.#
#.......##§#
#.......{@§#
#+++######§# #§#
+§# ###


There were no monsters in sight!

Vanquished Creatures
  2 centaur warriors (D)
  An oklob plant (D)
  2 kobold demonologists (D)
  A slime creature (D)
  A hornet (D)
  Sigmund (D)
  A yak (D)
  2 redbacks (D)
  A floating eye (D)
  An ogre (D)
  A jelly (D)
  Ijyb (D)
15 creatures vanquished.

Notes
Turn   | Place    | Note
-------+----------+-------------------------------------------
     0 | D        | boopmooplesden the Minotaur Berserker began the quest for
                  | the Orb.
     0 | D        | Reached XP level 1. HP: 19/19 MP: 0/0
     2 | D        | Noticed Ijyb
    10 | D        | Killed Ijyb
    11 | D        | Reached skill level 5 in Fighting
    11 | D        | Reached skill level 5 in Axes
    11 | D        | Reached XP level 2. HP: 30/30 MP: 1/1
    58 | D        | Noticed an ogre
    61 | D        | Killed an ogre
    62 | D        | Reached XP level 3. HP: 39/39 MP: 2/2
    62 | D        | Reached XP level 4. HP: 47/47 MP: 3/3
    86 | D        | Noticed Sigmund
    92 | D        | Killed Sigmund
    92 | D        | Reached ** piety under Trog
    93 | D        | Reached skill level 10 in Axes
    93 | D        | Reached skill level 5 in Armour
    93 | D        | Reached XP level 5. HP: 58/58 MP: 4/4
   220 | D        | Found a burning altar of Makhleb.
   220 | D        | Found a viscous altar of Jiyva.
   220 | D        | Found a shimmering altar of Xom.
   220 | D        | Found a corrupted altar of Lugonu.
   220 | D        | Noticed a slime creature
   225 | D        | Killed a slime creature
   226 | D        | Reached skill level 5 in Dodging
   226 | D        | Reached skill level 1 in Unarmed Combat
   226 | D        | Reached XP level 6. HP: 68/68 MP: 5/5
   276 | D        | Noticed a kobold demonologist
   283 | D        | Killed a kobold demonologist
   284 | D        | Reached XP level 7. HP: 78/78 MP: 6/6
   284 | D        | Noticed a kobold demonologist
   286 | D        | Reached *** piety under Trog
   288 | D        | Killed a kobold demonologist
   289 | D        | Reached XP level 8. HP: 86/86 MP: 7/7
   298 | D        | Found an ornate altar of the Wu Jian Council.
   298 | D        | Found a shimmering blue altar of Sif Muna.
   300 | D        | Found a radiant altar of Vehumet.
   300 | D        | Identified the +1 scale mail "Horphiw" {Dex+2}
   344 | D        | Found Zeciddid's Armour Emporium.
   344 | D        | Found an ancient bone altar of Kikubaaqudgha.
   344 | D        | Found a hazy altar of Hepliaklqana.
   344 | D        | Found a hide-covered altar of Uskayaw.
   344 | D        | Found a basalt altar of Yredelemnul.
   344 | D        | Found an opulent altar of Gozag.
   344 | D        | Found a snail-covered altar of Cheibriados.
   344 | D        | Found a sacrificial altar of Ru.
   344 | D        | Found a shadowy altar of Dithmenos.
   352 | D        | Reached **** piety under Trog
   353 | D        | Found a stormy altar of Qazlal.
   353 | D        | Found a blossoming altar of Fedhas.
   353 | D        | Found a bloodstained altar of Trog.
   353 | D        | Found an iron altar of Okawaru.
   353 | D        | Found a glowing golden altar of the Shining One.
   353 | D        | Found a glowing silver altar of Zin.
   353 | D        | Found a white marble altar of Elyvilon.
   354 | D        | Found a sparkling altar of Nemelex Xobeh.
   358 | D        | Bought a scarf of harm for 108 gold pieces
   371 | D        | Noticed a centaur warrior
   371 | D        | Noticed a centaur warrior
   382 | D        | Killed a centaur warrior
   383 | D        | Reached skill level 15 in Axes
   387 | D        | Killed a centaur warrior
   388 | D        | Reached skill level 15 in Fighting
   388 | D        | Reached XP level 9. HP: 61/100 MP: 8/8
   528 | D        | Paralysed by a hornet for 2 turns
   750 | D        | Noticed an oklob plant
   757 | D        | Killed an oklob plant
   758 | D        | Reached skill level 10 in Armour
   825 | D        | Reached ***** piety under Trog
  1004 | D        | HP: 4/101 [something (10)]
  1009 | D        | HP: 2/101 [something (4)]
  1011 | D        | Slain by an unseen horror

Illustrated notes

Levels and vault maps discovered:
D:        dungeon_sprint_1 [red_sonja_temple_1, red_sonja_temple_small_1]

Skill      XL: |  1  2  3  4  5  6  7  8  9 |
---------------+----------------------------+-----
Fighting       | 5 7 9 11 12 13 15 16 | 16.3
Axes           | 5 7 10 11 12 13 16 | 16.9
Armour         | 3 4 5 6 7 8 9 10 | 10.4
Dodging        | 3 4 5 6 7 8 |  8.3
Unarmed Combat | 1 2 |  2.1
Stealth        | |  0.1

Action                   |  1- 3 |  4- 6 |  7- 9 || total
-------------------------+-------+-------+-------++-------
Melee: Hand axe          |     6 |    13 |    50 ||    69
       Unarmed           |     3 |       |       ||     3
       Headbutt          |     1 |     4 |    12 ||    17
       Punch             |       |       |     2 ||     2
Invok: Berserk           |     2 |     3 |     5 ||    10
  Use: Potion            |       |       |     3 ||     3
       Scroll            |       |       |     1 ||     1
Armor: Scale mail        |       |       |    43 ||    43
       Leather armour    |       |       |     1 ||     1
Dodge: Dodged            |     3 |     2 |    20 ||    25
